 Dungeon Crawl Stone Soup version 0.28-a0-1518-gbe868bca14 (webtiles) character file.

Game seed: 12458178963010423005

93 sanka the Shield-Bearer (level 4, 41/41 HPs)
             Began as a Gnoll Fighter on Jan 16, 2022.
             Was a Follower of Sif Muna.
             Quit the game on level 2 of the Dungeon.
             The game lasted 00:02:03 (1538 turns).

sanka the Shield-Bearer (Gnoll Fighter)             Turns: 1538, Time: 00:02:03

Health: 41/41      AC:  8    Str: 15    XL:     4   Next: 61%
Magic:  5/5        EV: 11    Int: 13    God:    Sif Muna [*.....]
Gold:   36         SH:  7    Dex: 24    Spells: 5/5 levels left

rFire   . . .      SeeInvis .   a - +0 long sword
rCold   . . .      Faith    .   c - +0 buckler
rNeg    . . .      Spirit   .   m - +1 ring mail "Tuis" {*Corrode Int+3 Dex+7 Stlth+}
rPois   .          Reflect  .   j - +0 helmet
rElec   .          Harm     .   (no cloak)
rCorr   .          Rampage  .   (no gloves)
Will    .....                   (no boots)
Stlth   +++.......              (no amulet)
HPRegen 0.13/turn               (no ring)
MPRegen 0.09/turn               h - +6 ring of dexterity

@: no status effects
A: fangs 1, strong nose, distributed training
a: Renounce Religion, Channel Magic


You were on level 2 of the Dungeon.
You worshipped Sif Muna.
Sif Muna was aware of your devotion.
You visited 1 branch of the dungeon, and saw 2 of its levels.

You collected 36 gold pieces.


Innate Abilities, Weirdness & Mutations

You have very sharp teeth.
Your uncanny sense of smell can sniff out nearby items.
Your experience applies equally to all skills.


   Skills:
 + Level 6.6 Fighting
 + Level 1.2 Short Blades
 + Level 4.6 Long Blades
 + Level 1.2 Axes
 + Level 1.2 Maces & Flails
 + Level 1.2 Polearms
 + Level 1.2 Staves
 + Level 1.2 Slings
 + Level 1.2 Bows
 + Level 1.2 Crossbows
 + Level 1.2 Throwing
 + Level 6.6 Armour
 + Level 1.2 Dodging
 + Level 1.2 Stealth
 + Level 6.6 Shields
 + Level 1.2 Unarmed Combat
 + Level 1.2 Spellcasting
 + Level 1.0 Conjurations
 + Level 1.0 Hexes
 + Level 1.0 Summonings
 + Level 1.0 Necromancy
 + Level 1.0 Translocations
 + Level 1.0 Transmutations
 + Level 1.0 Fire Magic
 + Level 1.0 Ice Magic
 + Level 1.0 Air Magic
 + Level 1.0 Earth Magic
 + Level 1.0 Poison Magic
 + Level 1.3 Invocations
 + Level 1.2 Evocations


You had 5 spell levels left.
You didn't know any spells.
Your spell library contained the following spells:

 Spells                   Type           Power      Damage    Failure   Level
 Fulminant Prism          Conj/Hex       1%         3d6       99%         4
 Iskenderun's Mystic Bla  Conj/Tloc      3%         2d3       99%         4
 Lee's Rapid Deconstruct  Erth           1%         3d5*      100%        5

Inventory:

Hand Weapons
 a - a +0 long sword (weapon)
Armour
 b - a +0 scale mail
 c - a +0 buckler (worn)
 j - a +0 helmet (worn)
 m - the +1 ring mail "Tuis" (worn) {*Corrode Int+3 Dex+7 Stlth+}

   Int:       It affects your intelligence (+3).
   Dex:       It affects your dexterity (+7).
   *Corrode:  It may corrode you when you take damage.
   Stlth:     It makes you more stealthy.
Jewellery
 h - a +6 ring of dexterity (right hand)
Wands
 n - a wand of iceblast (5)
Scrolls
 e - a scroll of identify {unknown}
 f - a scroll of fog {unknown}
 i - a scroll of noise {unknown}
Potions
 d - a potion of might
 g - 3 potions of heal wounds {unknown}
 k - a potion of lignification {unknown}
 l - a potion of ambrosia {unknown}

Dungeon Overview and Level Annotations

Branches:
Dungeon (2/15)

Altars:
Sif Muna

....
▒.....▒...▒▒
▒▒▒▒
▒....▒▒...▒
▒▒▒▒▒▒...▒▒
▒▒...▒
▒....▒
▒▒....▒
▒.....▒
▒†....▒ ▒▒▒▒
▒g....▒
...▒▒▒
▒.....▒
.....▒
▒....▒▒
▒▒.▒...
▒▒...▒ .▒
▒...▒ .▒
▒▒... .▒
...▒ ...▒
.... ▒▒▒▒


There were no monsters in sight!


Message History

Your Transmutations skill increases to level 1!
Your Fire Magic skill increases to level 1!
Your Ice Magic skill increases to level 1!
Your Air Magic skill increases to level 1!
Your Earth Magic skill increases to level 1!
Your Poison Magic skill increases to level 1!
No target in view!
Unknown command.
No target in view!
You start resting.
HP restored.
Things that are here:
a +0 club; a gnoll corpse
n - a wand of iceblast (5)
A rat comes into view.
A rat is nearby!
Found a faded altar of an unknown god.
The helpless rat fails to defend itself.
You hit the rat.
You kill the rat!
No target in view!
You see here a rat corpse.
There is a faded altar of an unknown god here.
You cannot tell which god this altar belongs to.
Convert to them anyway?
Okay, then.
You cannot tell which god this altar belongs to.
Convert to them anyway?
Sif Muna accepts your prayer! Sif Muna welcomes you!
You can now call upon Sif Muna for magical energy.
Are you sure you want to abandon this character and quit the game? (Confirm with "yes".)

Action                   |  1- 3 |  4- 6 || total
-------------------------+-------+-------++-------
Melee: Long sword        |   105 |    16 ||   121
       Bite              |     8 |       ||     8
 Stab: Sleeping          |       |     1 ||     1
Armor: Scale mail        |    58 |       ||    58
       Ring mail         |       |     2 ||     2
Dodge: Dodged            |    48 |     5 ||    53
Block: Buckler           |    41 |     5 ||    46

Levels and vault maps discovered:
D:1:      heliophobic_arrival_enchanted_forest, layout_rooms,
          chequers_serial_rivers_micro_d, corexii_hall_statues_t
D:2:      layout_basic, hellmonk_ecumenical_altar_zigzags, uniq_terence,
          uniq_robin

Notes
Turn   | Place    | Note
-------+----------+-------------------------------------------
     0 | D:1      | sanka the Gnoll Fighter began the quest for the Orb.
     0 | D:1      | Reached XP level 1. HP: 23/23 MP: 1/1
   162 | D:1      | Reached XP level 2. HP: 24/29 MP: 2/2
   818 | D:1      | Reached XP level 3. HP: 28/35 MP: 3/3
  1030 | D:2      | Reached skill level 1 in Invocations
  1047 | D:2      | Noticed Robin
  1061 | D:2      | Killed Robin
  1062 | D:2      | Reached skill level 1 in Short Blades
  1062 | D:2      | Reached skill level 1 in Axes
  1062 | D:2      | Reached skill level 1 in Maces & Flails
  1062 | D:2      | Reached skill level 1 in Polearms
  1062 | D:2      | Reached skill level 1 in Staves
  1062 | D:2      | Reached skill level 1 in Slings
  1062 | D:2      | Reached skill level 1 in Bows
  1062 | D:2      | Reached skill level 1 in Crossbows
  1062 | D:2      | Reached skill level 1 in Throwing
  1062 | D:2      | Reached skill level 1 in Dodging
  1062 | D:2      | Reached skill level 1 in Stealth
  1062 | D:2      | Reached skill level 1 in Unarmed Combat
  1062 | D:2      | Reached skill level 1 in Spellcasting
  1062 | D:2      | Reached skill level 1 in Evocations
  1343 | D:2      | Reached XP level 4. HP: 41/41 MP: 5/5
  1344 | D:2      | Identified the +1 ring mail "Tuis" {*Corrode Int+3 Dex+7
                  | Stlth+}
  1406 | D:2      | Reached skill level 1 in Conjurations
  1406 | D:2      | Reached skill level 1 in Hexes
  1406 | D:2      | Reached skill level 1 in Summonings
  1406 | D:2      | Reached skill level 1 in Necromancy
  1406 | D:2      | Reached skill level 1 in Translocations
  1406 | D:2      | Reached skill level 1 in Transmutations
  1406 | D:2      | Reached skill level 1 in Fire Magic
  1406 | D:2      | Reached skill level 1 in Ice Magic
  1406 | D:2      | Reached skill level 1 in Air Magic
  1406 | D:2      | Reached skill level 1 in Earth Magic
  1406 | D:2      | Reached skill level 1 in Poison Magic
  1528 | D:2      | Found a faded altar of an unknown god.
  1537 | D:2      | Prayed at the altar of an unknown god.
  1537 | D:2      | Became a worshipper of Sif Muna the Loreminder
  1537 | D:2      | Reached * piety under Sif Muna
  1538 | D:2      | Quit the game

Vanquished Creatures
  Robin (D:2)
  3 gnolls (D:2)
  A worm (D:2)
  A dart slug (D:1)
  2 endoplasms (D:1)
  A giant cockroach (D:1)
  4 hobgoblins
  3 quokkas (D:1)
  5 ball pythons
  3 bats
  A frilled lizard (D:1)
  14 goblins
  4 rats
43 creatures vanquished.
